 Dungeon Crawl Stone Soup version 0.30.1-9-gdf580d7c3d (webtiles) character file.

Game seed: 7856824366799977844

112 FishyPogo the Insei (level 4, -3/32 HPs)
             Began as a Demonspawn Transmuter on Sept 29, 2023.
             Was a Follower of Dithmenos.
             Slain by a worm (6 damage)
             ... on level 4 of the Dungeon.
             The game lasted 00:07:39 (3038 turns).

FishyPogo the Insei (Demonspawn Transmuter)         Turns: 3038, Time: 00:07:41

Health: -3/32      AC:  6    Str: 14    XL:     4   Next: 64%
Magic:  3/7        EV: 12    Int: 16    God:    Dithmenos [*.....]
Gold:   149        SH:  0    Dex: 20    Spells: 4/7 levels left

rFire   . .          .
                       - Unarmed
rCold   . . .        (no shield)
rNeg    . . .        a - +0 robe
rPois   +            (no helmet)
rElec   .            g - +0 cloak
rCorr   .            y - +0 pair of gloves
SInv    +            (no boots)
Will    .....        (no amulet)
Stlth   ++           s - ring "Baniwotu" {rPois Str+4 Dex+6}
HPRegen 0.25/turn    r - ring of see invisible
MPRegen 0.10/turn

%: no passive effects
@: wereblooded, wreathed by umbra
A: icy blue scales 1, spiny 1
a: Renounce Religion


You were on level 4 of the Dungeon.
You worshipped Dithmenos.
Dithmenos was aware of your devotion.
You visited 1 branch of the dungeon, and saw 4 of its levels.

You collected 149 gold pieces.

Inventory:

Hand Weapons
 t - the +0 whip of Dishonesty {heavy, rPois rF+}
   (You found it on level 3 of the Dungeon)

   rF:        It protects you from fire.
   rPois:     It protects you from poison.
Missiles
 d - 38 stones
 e - 13 poisoned darts
 q - 7 boomerangs
 v - 4 javelins
Armour
 a - a +0 robe (worn)
 g - a +0 cloak (worn)
 y - a +0 pair of gloves (worn)
Jewellery
 r - a ring of see invisible (right hand)
 s - the ring "Baniwotu" (left hand) {rPois Str+4 Dex+6}
   (You found it on level 3 of the Dungeon)

   [ring of dexterity]

   Str:       It affects your strength (+4).
   Dex:       It affects your dexterity (+6).
   rPois:     It protects you from poison.
 w - an amulet of regeneration
Scrolls
 c - 2 scrolls of blinking {unknown}
 h - a scroll of summoning {unknown}
 j - a scroll of fear {unknown}
 k - a scroll of immolation {unknown}
 n - 2 scrolls of poison {unknown}
 p - a scroll of vulnerability {unknown}
 x - a scroll of enchant armour {unknown}
Potions
 b - a potion of lignification
 f - 2 potions of brilliance {unknown}
 i - 3 potions of degeneration {unknown}
 l - a potion of invisibility {unknown}
 m - 2 potions of curing {unknown}
 o - a potion of ambrosia {unknown}
 u - 2 potions of heal wounds {unknown}


   Skills:
 - Level 1.0 Fighting
 - Level 1.7 Dodging
 + Level 3.4 Unarmed Combat
 - Level 2.0 Spellcasting
 + Level 0.5 Conjurations
 + Level 2.7 Transmutations
 + Level 0.6 Air Magic
 + Level 2.1 Poison Magic
 + Level 1.4 Invocations


You had 4 spell levels left.
You knew the following spells:

 Your Spells              Type           Power      Damage    Failure   Level
a - Beastly Appendage     Tmut           20%        N/A       7%          1
b - Wereblood             Tmut           10%        N/A       11%         2

Your spell library contained the following spells:

 Spells                   Type           Power      Damage    Failure   Level
 Poisonous Vapours        Pois/Air       12%        N/A       19%         2
 Spider Form              Tmut/Pois      9%         N/A       22%         3
 Mephitic Cloud           Conj/Pois/Air  5%         N/A       38%         3
 Ice Form                 Ice/Tmut       5%         N/A       75%         4
 Freezing Cloud           Conj/Ice/Air   1%         6-21      99%         5
 Conjure Ball Lightning   Conj/Air       1%         3x3d6     100%        6
 Discord                  Hex            0%         N/A       100%        8
 Disjunction              Tloc           0%         N/A       100%        8


Dungeon Overview and Level Annotations

Branches:
Dungeon (4/15)
 Temple: D:4-7

Altars:
Dithmenos
Gozag
Nemelex Xobeh
Okawaru
Yredelemnul


Innate Abilities, Weirdness & Mutations

You are partially covered in icy blue scales. (AC +2)
You are partially covered in sharp spines.


Message History

You fall asleep.
The orc hits you with a +0 falchion!
You wake up.
You hit the sleepcap. You claw the sleepcap.
The sleepcap is lightly damaged.
The sleepcap barely misses you. The orc hits you with a +0 falchion.
You punch the sleepcap! You claw the sleepcap.
You headbutt the sleepcap, but do no damage.
The sleepcap is moderately damaged.
The sleepcap releases spores at you.
You are engulfed in a cloud of soporific spores!
You are unaffected.
The orc barely misses you.
You hit the orc but do no damage. The sleepcap misses you.
The orc closely misses you.
You hit the orc. You claw the orc.
You feel a bit better.
You kill the orc!
Dithmenos accepts your kill.
Your horns disappear.
Your talons disappear.
The sleepcap closely misses you.
You hit the worm.
The worm is moderately wounded.
The sleepcap releases spores at you.
You are engulfed in a cloud of soporific spores!
You are unaffected.
The worm bites you.
You hit the worm. Your punch misses the worm.
The worm is heavily wounded.
The sleepcap closely misses you.
You hit the worm but do no damage.
The worm is heavily wounded.
The sleepcap is struck by your spines. The sleepcap releases spores at you.
You are engulfed in a cloud of soporific spores!
You fall asleep.
The worm barely misses you.
You howl as the wereblood boils in your veins!
The orc hits you with a +0 short sword!
You wake up.
* * * LOW HITPOINT WARNING * * *
The sleepcap is struck by your spines. The sleepcap misses you.
You hit the orc.
The orc is almost dead.
The worm bites you.
You die...

.... ..# #.. ..#
#.#...#....
.####..#.####..........
.......<........$....>.
.#####....#.##.........
.#####....#..+....?....
.....#....##.#.........
#####.........#ow)^.....
...##....####.#.@f......
................).......
..........####..........
..........####..........
..........'....?........
...†......#####....(....
.............<..........
......###############.##
..)...# .#


You could see a sleepcap, a worm and an orc.

Vanquished Creatures
  A hound (D:4)
  A gnoll (D:1)
  An adder (D:3)
  A dart slug (D:3)
  3 orcs (D:4)
  3 ball pythons
  9 endoplasms
  3 giant cockroaches
  5 goblins
  8 hobgoblins
  6 kobolds
  A quokka (D:1)
  5 bats
  A frilled lizard (D:1)
  5 rats
53 creatures vanquished.

Notes
Turn   | Place    | Note
-------+----------+-------------------------------------------
     0 | D:1      | FishyPogo the Demonspawn Transmuter began the quest for the
                  | Orb.
     0 | D:1      | Reached XP level 1. HP: 15/15 MP: 3/3
   194 | D:1      | Reached skill level 3 in Unarmed Combat
   194 | D:1      | Reached skill level 1 in Poison Magic
   194 | D:1      | Gained mutation: You are partially covered in sharp spines.
                  | [demonic ancestry]
   194 | D:1      | Reached XP level 2. HP: 17/21 MP: 3/5
   311 | D:1      | Learned a level 2 spell: Wereblood
   417 | D:1      | Reached XP level 3. HP: 23/26 MP: 2/6
  1053 | D:2      | Found a faded altar of an unknown god.
  1072 | D:2      | Prayed at the altar of an unknown god.
  1072 | D:2      | Became a worshipper of Dithmenos the Shadowed
  1072 | D:2      | Reached * piety under Dithmenos
  1771 | D:3      | Found a sparkling altar of Nemelex Xobeh.
  1777 | D:3      | Found a basalt altar of Yredelemnul.
  1841 | D:3      | Identified the ring "Baniwotu" {rPois Str+4 Dex+6}
  1898 | D:3      | Identified the +0 whip of Dishonesty {heavy, rPois rF+}
  2290 | D:3      | Reached skill level 1 in Invocations
  2333 | D:3      | Gained mutation: You are partially covered in icy blue
                  | scales. (AC +2) [demonic ancestry]
  2333 | D:3      | Reached XP level 4. HP: 32/32 MP: 5/7
  2462 | D:3      | Found an opulent altar of Gozag.
  2536 | D:3      | Found an iron altar of Okawaru.
  2737 | D:3      | Found a shadowy altar of Dithmenos.
  3038 | D:4      | Slain by a worm

Illustrated notes

Levels and vault maps discovered:
D:1:      minmay_arrival_checkered_box, layout_basic, hangedman_glass_teeth,
          dk_noncrumbling_2
D:2:      wad_lake_hut, layout_loops_ring, shapermc_ecumenical_altar_ellora
D:3:      layout_basic, nicolae_overflow_quartered_altars,
          general_overflow_altar
D:4:      layout_basic, serial_shops, nicolae_shop_statue_plus, uniq_ijyb

Skill      XL: |  1  2  3  4 |
---------------+-------------+-----
Transmutations | 2 |  2.7
Unarmed Combat | 3 |  3.4
Poison Magic   | 1 2 |  2.1
Invocations    | 1 |  1.4
Fighting       | |  1.0
Dodging        | |  1.7
Spellcasting   | |  2.0
Conjurations   | |  0.5
Air Magic      | |  0.6

Action                     |  1- 3 |  4- 6 || total
---------------------------+-------+-------++-------
  Melee: Unarmed           |    85 |    28 ||   113
         Kick              |    13 |     9 ||    22
         Headbutt          |     3 |     4 ||     7
   Cast: Beastly Appendage |    28 |     4 ||    32
         Wereblood         |     3 |     1 ||     4
   Stab: Sleeping          |     3 |     1 ||     4
 Armour: Robe              |    17 |     1 ||    18
  Dodge: Dodged            |    46 |    18 ||    64
